 Dungeon Crawl Stone Soup version 0.30-a0-1160-g6e42c06551 (webtiles) character file.

Game seed: 8928102410162083456

9 qeuew the Covered (level 2, 0/19 HPs)
             Began as a Gargoyle Fighter on Apr 25, 2023.
             Frozen to death by an endoplasm (5 damage)
             ... on level 1 of the Dungeon.
             The game lasted 00:00:23 (251 turns).

qeuew the Covered (Gargoyle Fighter)                 Turns: 251, Time: 00:00:24

Health: 0/19       AC:  9    Str: 19    XL:     2   Next: 12%
Magic:  2/2        EV:  9    Int:  8    God:
Gold:   29         SH:  4    Dex:  9    Spells: 1/1 levels left

rFire   . . .        a - +0 flail
rCold   . . .        c - +0 buckler
rNeg    + . .        b - +0 scale mail
rPois   ∞            (no helmet)
rElec   +            (no cloak)
rCorr   .            (no gloves)
SInv    .            (no boots)
Will    .....        (no amulet) Stlth
                     (no ring)
HPRegen 0.23/turn    (no ring)
MPRegen 0.08/turn

%: no passive effects
@: no status effects
A: sickness immunity, AC +2, negative energy resistance 1, electricity
resistance, torment resistance 1, petrification resistance
a: no special abilities


You were on level 1 of the Dungeon.
You visited 1 branch of the dungeon, and saw 1 of its levels.

You collected 29 gold pieces.

Inventory:

Hand Weapons
 a - a +0 flail (weapon)
Armour
 b - a +0 scale mail (worn)
 c - a +0 buckler (worn)
Scrolls
 f - a scroll of silence {unknown}
Potions
 d - a potion of might
 e - a potion of curing


   Skills:
 + Level 3.4 Fighting
 * Level 2.2 Maces & Flails
 * Level 3.5 Armour
 + Level 0.2 Dodging
 + Level 3.3 Shields


You had one spell level left.
You didn't know any spells.
Your spell library was empty.

Dungeon Overview and Level Annotations

Branches:
Dungeon (1/15)

Altars:


Innate Abilities, Weirdness & Mutations

You are immune to sickness and miasma.
Your stone body is resilient. (AC +2)
You are immune to poison.
You resist negative energy. (rN+)
You are resistant to electric shocks. (rElec)
You are resistant to unholy torment.
You are immune to petrification.


Message History

The hobgoblin hits you but does no damage.
The jackal bites you but does no damage.
You hit the jackal.
The jackal is almost dead.
The endoplasm freezes you.
You are frozen.
You block the hobgoblin's attack. The jackal bites you.
* * * LOW HITPOINT WARNING * * *
The endoplasm freezes you.
You are frozen.
* * * LOW HITPOINT WARNING * * *
The hobgoblin barely misses you. The jackal barely misses you.
You thump the jackal!
You kill the jackal!
The endoplasm misses you.
The hobgoblin hits you but does no damage.
It was a potion of curing.
You feel better.
The jackal bites you but does no damage.
The endoplasm hits you but does no damage.
The hobgoblin hits you but does no damage.
The endoplasm hits you.
The jackal bites you but does no damage.
You hit the endoplasm but do no damage. The jackal barely misses you.
The endoplasm freezes you.
You are frozen.
* * * LOW HITPOINT WARNING * * *
The hobgoblin hits you but does no damage.
The endoplasm barely misses you. The jackal barely misses you.
Unknown command.
You hit the endoplasm but do no damage. The endoplasm barely misses you.
The hobgoblin hits you but does no damage.
The endoplasm barely misses you. You block the jackal's attack.
The hobgoblin hits you but does no damage.
The endoplasm barely misses you. x2
Unknown command.
You sock the endoplasm!
You kill the endoplasm!
The jackal closely misses you. You block the jackal's attack.
The endoplasm freezes you.
You are frozen.
You die...

......♣....#....♣....#....
.........♣...♣.....♣........
>......#.......#.#..........
.#.###.†.#####...................
.#.#......######...#.............
.#.#............†...............
.#.#............l..............
.#.#...........J.g.....##....#
.#.#......######@hl..........#
.#.#......# #####.........#...
...############# ##............
####.....#.....#### #............
#........#........###########....
.....#########.......## ...
..####.......####.....## ..
###.............###....## #
......#######.....##....#


You could see an endoplasm, a jackal, a hobgoblin and 2 frilled lizards.

Vanquished Creatures
  2 dart slugs (D:1)
  An endoplasm (D:1)
  2 jackals (D:1)
  A bat (D:1)
6 creatures vanquished.

Notes
Turn   | Place    | Note
-------+----------+-------------------------------------------
     0 | D:1      | qeuew the Gargoyle Fighter began the quest for the Orb.
     0 | D:1      | Reached XP level 1. HP: 14/14 MP: 1/1
   231 | D:1      | Reached XP level 2. HP: 19/19 MP: 2/2
   251 | D:1      | Frozen to death by an endoplasm

Illustrated notes

Levels and vault maps discovered:
D:1:      dpeg_arrival_circle_labyrinth_c, layout_basic,
          nicolae_kite_square_tiling_tiny, st_stairs_7,
          chequers_serial_rivers_large_a, chequers_avenue

Action                     || total
---------------------------++-------
  Melee: Flail             ||    17
    Use: Potion            ||     1
 Armour: Scale mail        ||    26
  Dodge: Dodged            ||    27
  Block: Buckler           ||     9

Table legend: (Time is in decaauts)
 A = Elapsed time spent in this place.
 B = Non-inter-level travel time spent in this place.
 C = Inter-level travel time spent in this place.
 D = Time resting spent in this place.
 E = Time spent auto-exploring this place.
 F = Levels seen in this place.
 G = Mean time per level.
                   A        B        C        D        E       F      G
               +--------+--------+--------+--------+--------+-----+--------+
         Total |    256 |    256 |      0 |      0 |    204 |   1 |  256.0 |
       Dungeon |    256 |    256 |      0 |      0 |    204 |   1 |  256.0 |
               +--------+--------+--------+--------+--------+-----+--------+

Top non-repeatable levels by time:
     D:1: 256 daAuts
